 Dungeon Crawl Stone Soup version 0.30-b1-2-g02819fbbbe (webtiles) character file.

Game seed: 13942790855721009144

32 raph the Caller (level 3, 0/19 HPs)
             Began as a Tengu Summoner on Dec 13, 2023.
             Slain by a kobold
             ... wielding a +1 short sword of electrocution
              (4 damage)
             ... on level 1 of the Dungeon.
             The game lasted 00:01:17 (629 turns).

raph the Caller (Tengu Summoner)                     Turns: 629, Time: 00:01:18

Health: 0/19       AC:  2    Str:  8    XL:     3   Next: 27%
Magic:  7/7        EV: 12    Int: 17    God:
Gold:   12         SH:  0    Dex: 14    Spells: 0/6 levels left

rFire   . . .        f - +2 whip (drain)
rCold   . . .        (no shield)
rNeg    . . .        a - +0 robe
rPois   .            (helmet restricted)
rElec   .            (no cloak)
rCorr   .            (no gloves)
SInv    .            (boots unavailable)
Will    .....        h - amulet of the acrobat
Stlth   ++           (no ring)
HPRegen 0.23/turn    (no ring)
MPRegen 0.10/turn

%: acrobat
@: no status effects
A: beak, talons 3
a: no special abilities


You were on level 1 of the Dungeon.
You visited 1 branch of the dungeon, and saw 1 of its levels.

You collected 12 gold pieces.

Inventory:

Hand Weapons
 f - a +2 whip of draining (weapon)
Armour
 a - a +0 robe (worn)
Jewellery
 c - an amulet of reflection
 h - an amulet of the acrobat (around neck)
Scrolls
 d - a scroll of amnesia {unknown}
 e - a scroll of magic mapping {unknown}
 g - a scroll of identify {unknown}
Potions
 b - a potion of magic


   Skills:
 - Level 2.1 Dodging
 - Level 2.0 Stealth
 - Level 2.0 Spellcasting
 + Level 6.1 Summonings


You couldn't memorise any spells.
You knew the following spells:

 Your Spells              Type           Power      Damage    Failure   Level
a - Summon Small Mammal   Summ           88%        N/A       1%          1
b - Call Imp              Summ           44%        N/A       2%          2
c - Call Canine Familiar  Summ           22%        N/A       4%          3

Your spell library contained the following spells:

 Spells                   Type           Power      Damage    Failure   Level
 Summon Guardian Golem    Hex/Summ       12%        N/A       17%         3
 Summon Lightning Spire   Summ/Air       12%        N/A       50%         4


Dungeon Overview and Level Annotations

Branches:
Dungeon (1/15)

Altars:


Innate Abilities, Weirdness & Mutations

You have a beak for a mouth.
You have claws for feet.


Message History

You barely miss the hobgoblin. Your peck misses the hobgoblin.
The hobgoblin is almost dead.
Your quokka closely misses the hobgoblin.
The hobgoblin closely misses you.
The hobgoblin closely misses your quokka.
Your cerulean imp completely misses the hobgoblin.
You hit the hobgoblin.
You kill the hobgoblin!
Your quokka bites the hobgoblin.
Your cerulean imp closely misses the hobgoblin.
Your quokka closely misses the hobgoblin.
You barely miss the hobgoblin. Your kick misses the hobgoblin.
You peck the hobgoblin, but do no damage.
The hobgoblin is moderately wounded.
The hobgoblin hits you but does no damage.
Your cerulean imp closely misses the hobgoblin.
Your quokka closely misses the hobgoblin.
You hit the hobgoblin.
You kill the hobgoblin!
Found 4 gold pieces.
A frilled lizard comes into view.
A frilled lizard is nearby!
You swap places.
The frilled lizard completely misses you.
You hit the frilled lizard.
You kill the frilled lizard!
You see here a frilled lizard corpse.
You now have 12 gold pieces (gained 4).
Your quokka disappears in a puff of smoke!
You swap places.
Your cerulean imp disappears in a puff of smoke!
A kobold comes into view.
It is wielding a +1 short sword of electrocution.
The kobold shouts!
You closely miss the kobold. Your kick misses the kobold.
Your peck misses the kobold. The kobold hits you but does no damage.
You are electrocuted!
Ouch! That really hurt!
* * * LOW HITPOINT WARNING * * *
The kobold hits you with a +1 short sword of electrocution.
You die...

#.# ##..... #.#
#####.....
#.###...###...
#.##...## ###.
#.##.#.####.#.
#....#...##.#8
#..#####....##
######....#...##.#
#.@....##.#.####.##
#K#######...####...
#. ##..#....P# #.
##...♣♣P.. #.
#..♣♣♣♣♣. #.
#..♣♣P♣♣. #.
#.♣♣..PP♣ ##
#..♣.P..♣ #PP♣....♣


You could see a kobold.

Vanquished Creatures
  A gnoll (D:1)
  An endoplasm (D:1)
  A giant cockroach (D:1)
  3 hobgoblins (D:1)
  2 quokkas (D:1)
  2 ball pythons (D:1)
  A bat (D:1)
  2 frilled lizards (D:1)
  A rat (D:1)
14 creatures vanquished.

Vanquished Creatures (collateral kills)
  2 endoplasms (D:1)
  2 hobgoblins (D:1)
  A kobold (D:1)
  2 rats (D:1)
7 creatures vanquished.

Vanquished Creatures (others)
  4 plants (D:1)
4 creatures vanquished.

Grand Total: 25 creatures vanquished

Notes
Turn   | Place    | Note
-------+----------+-------------------------------------------
     0 | D:1      | raph the Tengu Summoner began the quest for the Orb.
     0 | D:1      | Reached XP level 1. HP: 10/10 MP: 4/4
    66 | D:1      | Reached skill level 5 in Summonings
   186 | D:1      | Reached XP level 2. HP: 15/15 MP: 4/6
   233 | D:1      | Learned a level 2 spell: Call Imp
   414 | D:1      | Reached skill level 6 in Summonings
   414 | D:1      | Reached XP level 3. HP: 18/19 MP: 2/7
   418 | D:1      | Learned a level 3 spell: Call Canine Familiar
   629 | D:1      | Slain by a kobold

Illustrated notes

Levels and vault maps discovered:
D:1:      psy_arrival_heroes, layout_loops_ring, serial_forest,
          infiniplex_forest_lined_3, infiniplex_forest_clump_C,
          infiniplex_forest_end_1, infiniplex_forest_lined_room_2,
          infiniplex_forest_lined_3_way, infiniplex_forest_clump_curved,
          infiniplex_forest_lined_4_way

Skill      XL: |  1  2 |
---------------+-------+-----
Summonings     | 5 6 |  6.1
Dodging        | |  2.1
Stealth        | |  2.0
Spellcasting   | |  2.0

Action                     || total
---------------------------++-------
  Melee: Unarmed           ||    28
         Kick              ||    10
         Peck              ||     7
         Whip              ||    15
   Cast: Summon Small Mamm ||    18
         Call Imp          ||     6
   Stab: Sleeping          ||     1
 Armour: Robe              ||     8
  Dodge: Dodged            ||    23
  Block: Other             ||    11
